 Dungeon Crawl Stone Soup version 0.31-a0-217-g58bb5d79cf (webtiles) character file.

Game seed: 1068723009179692986

5349 reriks the Nimble (level 10, 0/60 HPs)
             Began as a Djinni Fire Elementalist on July 2, 2023.
             Was a Follower of Makhleb.
             Slain by a troll (3 damage)
             ... on level 9 of the Dungeon.
             The game lasted 00:29:01 (19506 turns).

reriks the Nimble (Djinni Fire Elementalist)       Turns: 19506, Time: 00:29:01

Health: 0/60       AC:  5    Str:  5    XL:     10   Next: 96%
Gold:   800        EV: 17    Int: 26    God:    Makhleb [*.....] SH:  0 Dex: 15

rFire   + + +        z - +7 scimitar "Garhoig" {vamp, rF++ Str-2}
rCold   x . .        (no shield)
rNeg    . . .        a - +0 robe
rPois   ∞            m - +0 helmet
rElec   .            v - +0 cloak
rCorr   .            i - +0 pair of gloves
SInv    +            (boots unavailable)
Will    +....        c - amulet of regeneration
Stlth   ++++         f - +6 ring of intelligence
HPRegen 1.10/turn    D - ring of see invisible
MPRegen 0.00/turn

%: infuse magic (-1 HP)
@: flying
A: sickness immunity, fire resistance 2, cold vulnerability 1, float, innate
caster, HP casting, extra vitality 1
a: Renounce Religion


You were on level 9 of the Dungeon.
You worshipped Makhleb.
Makhleb was aware of your devotion.
You visited 2 branches of the dungeon, and saw 10 of its levels.

You collected 800 gold pieces.

Inventory:

Hand Weapons
 g - a +2 dagger of flaming
 q - a +1 dagger of electrocution
 y - a +0 broad axe of freezing
 z - the +7 scimitar "Garhoig" (weapon) {vamp, rF++ Str-2}
   (You found it on level 7 of the Dungeon)

   Str:       It affects your strength (-2).
   rF:        It greatly protects you from fire.
Missiles
 t - 4 throwing nets
Armour
 a - a +0 robe (worn)
 i - a +0 pair of gloves (worn)
 m - a +0 helmet (worn)
 v - a +0 cloak (worn)
 A - an orb of guile
Jewellery
 c - an amulet of regeneration (around neck)
 f - a +6 ring of intelligence (left hand)
 B - a +6 ring of dexterity
 D - a ring of see invisible (right hand)
Wands
 n - a wand of flame (67)
Scrolls
 j - 5 scrolls of teleportation
 u - 2 scrolls of identify
 w - a scroll of vulnerability
 H - a scroll of enchant weapon
Potions
 b - 3 potions of curing
 d - a potion of ambrosia
 e - a potion of brilliance
 h - 4 potions of degeneration
 k - a potion of lignification
 l - a potion of haste
 o - a potion of might {unknown}
 p - a potion of attraction {unknown}
 r - a potion of resistance
 s - a potion of berserk rage
 x - a potion of enlightenment {unknown}
 C - a potion of mutation {unknown}
 F - a potion of cancellation {unknown}


   Skills:
 + Level 10.5 Dodging
 + Level 8.8 Stealth
 + Level 6.7 Spellcasting
 + Level 6.7 Conjurations
 + Level 6.7 Hexes
   Level 0.0 Charms
 + Level 6.7 Summonings
 + Level 6.7 Necromancy
 + Level 6.7 Translocations
 + Level 6.7 Transmutations
 + Level 6.7 Fire Magic
 + Level 6.7 Ice Magic
 + Level 6.7 Air Magic
 + Level 6.7 Earth Magic
 + Level 6.7 Poison Magic


You knew the following spells:

 Your Spells              Type           Power      Damage    Failure   Level
a - Foxfire               Conj/Fire      100%       2x1d9     1%          1
b - Scorch                Fire           88%        2d8       1%          2
c - Volatile Blastmotes   Fire/Tloc      88%        2d17      1%          3
d - Inner Flame           Hex/Fire       44%        N/A       1%          3
e - Flame Wave            Conj/Fire      44%        2d11      4%          4
f - Necrotise             Necr           100%       1d9       1%          1
g - Momentum Strike       Conj/Tloc      88%        3d10      1%          2
h - Spider Form           Tmut/Pois      44%        N/A       1%          3
i - Mephitic Cloud        Conj/Pois/Air  44%        N/A       1%          3
Your spell library was empty.

Dungeon Overview and Level Annotations

Branches:
Dungeon (9/15)             Temple (1/1) D:6
   Lair: D:8-11         Orc: D:9-12

Altars:
Ashenzari
Cheibriados
Dithmenos
Elyvilon
Fedhas
Gozag
Hepliaklqana
Makhleb
Nemelex Xobeh
Okawaru
Qazlal
Ru
Trog
Uskayaw
Wu Jian
Xom
Yredelemnul
Zin
The Shining One

Shops:
D:4 (

Annotations:
D:8 Gastronok


Innate Abilities, Weirdness & Mutations

You are immune to sickness and miasma.
You are immune to poison.
Your flesh is very heat resistant. (rF++)
You are vulnerable to cold. (rC-)
You float through the air rather than walking.
You learn spells naturally, not from books.
Your magical power is your life essence.
You have superior vitality. (+4 MHP)


Message History

Done waiting.
You start waiting.
Done waiting.
You start waiting.
Done waiting.
You start waiting.
A boulder beetle comes into view.
You see here a +0 falchion.
Unknown command.
A troll comes into view.
The troll shouts!
Casting: Scorch (safe; 1% risk of failure)
Confirm with . or Enter, or press ? or * to list all spells.
Flames lash the troll.
The troll is lightly wounded.
The troll's fire resistance burns away.
The troll bites you! The troll closely misses you. The troll claws you.
Casting: Scorch (safe; 1% risk of failure)
Confirm with . or Enter, or press ? or * to list all spells.
Flames lash the troll.
The troll is burned terribly!
The troll is lightly wounded.
The troll misses you. The troll completely misses you. The troll claws you.
The troll closely misses you. The troll claws you! x2
* * * LOW HITPOINT WARNING * * *
Casting: Scorch (safe; 1% risk of failure)
Confirm with . or Enter, or press ? or * to list all spells.
Okay, then.
Unknown command.
Casting: Scorch (safe; 1% risk of failure)
Confirm with . or Enter, or press ? or * to list all spells.
Aiming: Mephitic Cloud (safe; 1% risk of failure)
Press: ? - help, Shift-Dir - straight line The ball explodes into a vile cloud!
The stinking cloud engulfs the troll but does no damage.
The troll is lightly wounded.
* * * LOW HITPOINT WARNING * * *
The troll bites you!
* * * LOW HITPOINT WARNING * * *
The troll claws you.
You die...

............................÷....
.................................
...................).[[).........
.............#...........>.......
.............#...................
............###.☼................
............# #.§§§.....#######..
..######...## ##T.§.....#
..######...# #@.......#######
..........## ##..............
..........# #.......######
...#####.## ##..###.########
.........# #..............
........## ##.............
##.#....# #..............
##....### ###...########. #...###
###..........


You could see a troll (combustible).

Vanquished Creatures
  A hornet (D:9)
  2 wyverns
  3 steam dragons (D:8)
  A water moccasin (D:9)
  An acid dragon (D:9)
  3 orc warriors
  2 sky beasts
  3 ice beasts
  9 centaurs
  4 ogres
  A phantom (D:6)
  A kobold brigand (D:7)
  A bullfrog (D:6)
  2 gnoll sergeants (D:9)
  4 scorpions
  7 wights
  6 killer bees (D:9)
  An electric eel (D:9)
  3 howler monkeys
  4 jellies
  A bullfrog skeleton (D:5)
  3 hounds
  A gnoll bouda (D:6)
  7 orc priests
  2 iguanas (D:4)
  2 sleepcaps (D:6)
  Natasha (thrice) (D:3)
  7 orc wizards
  A howler monkey zombie (D:5)
  13 gnolls
  4 adders
  A white imp (D:6)
  An ufetubus (D:5)
  An adder zombie (D:5)
  3 worms
  A dart slug (D:1)
  43 orcs
  5 ball pythons
  8 endoplasms
  2 giant cockroaches
  7 goblins
  6 hobgoblins
  3 jackals (D:2)
  4 quokkas
  2 bats (D:1)
  4 frilled lizards
  6 kobolds
  5 rats
205 creatures vanquished.

Vanquished Creatures (collateral kills)
  A foxfire (D:1)
1 creature vanquished.

Vanquished Creatures (others)
  686 foxfires
686 creatures vanquished.

Grand Total: 892 creatures vanquished

Notes
Turn   | Place    | Note
-------+----------+-------------------------------------------
     0 | D:1      | reriks the Djinni Fire Elementalist began the quest for the
                  | Orb.
     0 | D:1      | reriks set off with the following spells memorised:
                  | Foxfire, Scorch, Volatile Blastmotes, Inner Flame, Flame
                  | Wave.
     0 | D:1      | Reached XP level 1. HP: 15/15 MP: 0/0
   432 | D:1      | Reached XP level 2. HP: 21/21 MP: 0/0
   891 | D:1      | Found a faded altar of an unknown god.
  1724 | D:1      | Reached XP level 3. HP: 21/25 MP: 0/0
  1724 | D:1      | Learned a level 1 spell: Necrotise
  2428 | D:2      | Reached skill level 3 in Dodging
  3298 | D:2      | Reached XP level 4. HP: 31/31 MP: 0/0
  3537 | D:2      | Found a stormy altar of Qazlal.
  4109 | D:3      | Noticed Natasha
  4118 | D:3      | Killed Natasha
  4791 | D:3      | Noticed Natasha
  4795 | D:3      | Killed Natasha
  4796 | D:3      | Reached XP level 5. HP: 35/35 MP: 0/0
  4796 | D:3      | Learned a level 2 spell: Momentum Strike
  5017 | D:3      | Noticed Natasha
  5024 | D:3      | Killed Natasha
  6057 | D:3      | Reached skill level 4 in Dodging
  6527 | D:3      | You are sucked into a shaft and drop 2 floors!
  6527 | D:5      | Entered Level 5 of the Dungeon
  6554 | D:4      | Reached XP level 6. HP: 39/40 MP: 0/0
  7102 | D:4      | Reached XP level 7. HP: 34/45 MP: 0/0
  7102 | D:4      | Learned a level 3 spell: Spider Form
  7317 | D:4      | Found Koqa's Antique Weapon Boutique.
  7767 | D:4      | Identified the +7 sling of the Charming Gods {flame, Int+2
                  | Dex+3}
  7827 | D:4      | Reached skill level 5 in Dodging
  9211 | D:5      | Reached XP level 8. HP: 35/50 MP: 0/0
 10118 | D:6      | Found a broken altar of Ashenzari.
 10142 | D:6      | Reached skill level 6 in Dodging
 10155 | D:6      | Reached skill level 5 in Stealth
 10842 | D:6      | Reached skill level 7 in Dodging
 11031 | D:6      | Reached skill level 5 in Spellcasting
 11031 | D:6      | Reached skill level 5 in Conjurations
 11031 | D:6      | Reached skill level 5 in Hexes
 11031 | D:6      | Reached skill level 5 in Summonings
 11031 | D:6      | Reached skill level 5 in Necromancy
 11031 | D:6      | Reached skill level 5 in Translocations
 11031 | D:6      | Reached skill level 5 in Transmutations
 11031 | D:6      | Reached skill level 5 in Fire Magic
 11031 | D:6      | Reached skill level 5 in Ice Magic
 11031 | D:6      | Reached skill level 5 in Air Magic
 11031 | D:6      | Reached skill level 5 in Earth Magic
 11031 | D:6      | Reached skill level 5 in Poison Magic
 11031 | D:6      | Reached XP level 9. HP: 55/55 MP: 0/0
 11031 | D:6      | Learned a level 3 spell: Mephitic Cloud
 11248 | D:6      | Found a hide-covered altar of Uskayaw.
 11909 | D:6      | Found a staircase to the Ecumenical Temple.
 11921 | Temple   | Entered the Ecumenical Temple
 12072 | Temple   | Became a worshipper of Makhleb the Destroyer
 12482 | D:7      | Reached skill level 8 in Dodging
 12723 | D:7      | Identified the +7 scimitar "Garhoig" {vamp, rF++ Str-2}
 13391 | D:7      | Reached XP level 10. HP: 60/60 MP: 0/0
 14152 | D:7      | Reached skill level 9 in Dodging
 15193 | D:8      | Noticed Gastronok
 16339 | D:8      | Reached * piety under Makhleb
 16547 | D:8      | Noticed a kobold demonologist
 16797 | D:9      | Reached skill level 10 in Dodging
 19463 | D:9      | Noticed a boulder beetle
 19506 | D:9      | HP: 3/60 [troll (10)]
 19506 | D:9      | Slain by a troll

Illustrated notes

Levels and vault maps discovered:
D:1:      dpeg_arrival_round_a, layout_basic,
          shapermc_ecumenical_altar_mp_ritualfount, minmay_split_cup_large
D:2:      layout_basic, basic_altar
D:3:      layout_basic, uniq_natasha
D:4:      layout_loops_cross, serial_shops, nicolae_shop_tiny_statue_garden
D:5:      layout_cave_pools, serial_undead, serial_undead_e, serial_undead_e,
          serial_undead_e, serial_undead_c
D:6:      layout_gridville, ashenzari_conservatory_becter,
          eat_drink_and_be_merry_uskayaw, temple_hall, abandoned_shop
D:7:      layout_layer_cave, centaur_isle
D:8:      cheibrodos_steamvent, layout_basic, lemuel_crystal_altar, special_room
          [special_room_orc], uniq_gastronok
D:9:      minmay_the_grid_four_pointed_star_mashed
          [minmay_the_grid_triangle_9x9_swiss_cheese,
          minmay_the_grid_triangle_9x9_flanged_cone,
          minmay_the_grid_triangle_9x9_zippers_horizontal,
          minmay_the_grid_triangle_9x9_sparse_checkered,
          minmay_the_grid_prize_big_room], layout_long_grid,
          hangedman_decor_push, minmay_misc_feat_encased, serial_bayou_ford_a
Temple:   nicolae_temple_bog_church

Skill      XL: |  1  2  3  4  5  6  7  8  9 10 |
---------------+-------------------------------+-----
Spellcasting   | 4 5 6 |  6.7
Conjurations   | 4 5 6 |  6.7
Hexes          | 4 5 6 |  6.7
Summonings     | 4 5 6 |  6.7
Necromancy     | 4 5 6 |  6.7
Translocations | 4 5 6 |  6.7
Transmutations | 4 5 6 |  6.7
Fire Magic     | 4 5 6 |  6.7
Ice Magic      | 4 5 6 |  6.7
Air Magic      | 4 5 6 |  6.7
Earth Magic    | 4 5 6 |  6.7
Poison Magic   | 4 5 6 |  6.7
Stealth        | 2 3 4 5 7 8 |  8.8
Dodging        | 3 4 5 7 8 10 | 10.5

Action                     |  1- 3 |  4- 6 |  7- 9 | 10-12 || total
---------------------------+-------+-------+-------+-------++-------
   Cast: Foxfire           |    67 |    45 |   191 |    84 ||   387
         Scorch            |     1 |    16 |    54 |    69 ||   140
         Momentum Strike   |       |     4 |     1 |       ||     5
         Inner Flame       |       |       |     2 |       ||     2
         Volatile Blastmot |       |       |     8 |    19 ||    27
         Mephitic Cloud    |       |       |     3 |     8 ||    11
    Use: Scroll            |       |     4 |     7 |     5 ||    16
 Armour: Robe              |     2 |     3 |    16 |    20 ||    41
  Dodge: Dodged            |     7 |     9 |    84 |   126 ||   226

Table legend: (Time is in decaauts)
 A = Elapsed time spent in this place.
 B = Non-inter-level travel time spent in this place.
 C = Inter-level travel time spent in this place.
 D = Time resting spent in this place.
 E = Time spent auto-exploring this place.
 F = Levels seen in this place.
 G = Mean time per level.
                   A        B        C        D        E       F      G
               +--------+--------+--------+--------+--------+-----+--------+
         Total |  19515 |  18810 |    705 |  11475 |   5246 |  10 | 1951.5 |
       Dungeon |  19349 |  18677 |    672 |  11475 |   5157 |   9 | 2149.9 |
        Temple |    165 |    132 |     33 |      0 |     89 |   1 |  165.0 |
               +--------+--------+--------+--------+--------+-----+--------+

Top non-repeatable levels by time:
     D:9: 2848 daAuts
     D:3: 2761 daAuts
     D:1: 2353 daAuts
     D:8: 2325 daAuts
     D:6: 2315 daAuts
     D:7: 1874 daAuts
     D:2: 1747 daAuts
     D:5: 1581 daAuts
     D:4: 1543 daAuts
  Temple: 165 daAuts
